[Event "Elite Hotels Open 2024"]
[Site "Elite Stadshotellet, Kungsgatan 6, Vaxjo, Sweden"]
[Date "2024.02.09"]
[Round "1.1"]
[White "Bergman, Nils"]
[Black "Hillarp, Tiger"]
[Result "0-1"]
[TimeControl "15 minutes + 5 seconds per move from move one (Round 1 - 4) / 90 minutes + 30 seconds per move from move one (Round 5 - 8)"]
[BlackTitle "GM"]
[WhiteFideId "1772007"]
[BlackFideId "1700812"]
[WhiteElo "1878"]
[BlackElo "2476"]

1. d4 g6 2. Bf4 Bg7 3. Nc3 a6 4. e4 d6 5. Qd2 b5 6. f3 Nd7 7. Nge2 Bb7 8. h4 h5 9. a3 c5 10.
Bg5 Ngf6 11. Qe3 Rc8 12. e5 cxd4 13. Nxd4 Nxe5 14. Be2 O-O 15. O-O-O Re8 16. Rhg1 Qb6 17. g4 hxg4 18. fxg4 Nc4 19.
Qg3 Ne4 20. Nxe4 Bxe4 21. c3 Nxa3 22. bxa3 Bxd4 23. Bd2 b4 24. h5 bxc3 0-1

[Event "Elite Hotels Open 2024"]
[Site "Elite Stadshotellet, Kungsgatan 6, Vaxjo, Sweden"]
[Date "2024.02.09"]
[Round "1.2"]
[White "Pantzar, Milton"]
[Black "Johnsson, Marcus"]
[Result "1-0"]
[TimeControl "15 minutes + 5 seconds per move from move one (Round 1 - 4) / 90 minutes + 30 seconds per move from move one (Round 5 - 8)"]
[WhiteTitle "IM"]
[WhiteFideId "1721003"]
[BlackFideId "1733966"]
[WhiteElo "2468"]
[BlackElo "1877"]

1. d4 Nf6 2. Nf3 c5 3. d5 d6 4. Nc3 g6 5. e4 Bg7 6. h3 O-O 7. Bc4 a6 8. a4 b6 9. O-O Qc7 10.
Re1 Nbd7 11. Bf4 Nh5 12. Bh2 Ne5 13. Be2 Nf6 14. Nd2 Ned7 15. Nc4 Ne8 16. Qd2 Rb8 17. Ne3 Bd4 18. Bf1 Ndf6 19.
Nc4 b5 20. axb5 axb5 21. Nxb5 Rxb5 22. c3 Bxf2+ 23. Qxf2 Rb7 24. e5 Nxd5 25. Rad1 Be6 26. Qf3 Nb6 27. exd6 exd6 28. Nxd6 Nxd6 29.
Bxd6 Qc8 30. Bxf8 Kxf8 31. Rxe6 1-0

[Event "Elite Hotels Open 2024"]
[Site "Elite Stadshotellet, Kungsgatan 6, Vaxjo, Sweden"]
[Date "2024.02.09"]
[Round "1.3"]
[White "Gustafsson, Simon"]
[Black "Seo, Jung Min"]
[Result "0-1"]
[TimeControl "15 minutes + 5 seconds per move from move one (Round 1 - 4) / 90 minutes + 30 seconds per move from move one (Round 5 - 8)"]
[BlackTitle "IM"]
[WhiteFideId "1763997"]
[BlackFideId "1734687"]
[WhiteElo "1875"]
[BlackElo "2466"]

1. e4 c5 2. Nf3 Nc6 3. d4 cxd4 4. Nxd4 e6 5. c4 Nf6 6. Nc3 Bb4 7. Qd3 Ne5 8.
Qg3 Ng6 9. Bd3 d6 10. O-O O-O 11. f4 Bc5 12. Be3 e5 13. fxe5 Ng4 14. Nf5 Nxe3 15. Nxe3 Nxe5 16. Be2 Be6 17.
Kh1 Bxe3 18. Qxe3 Nxc4 19. Bxc4 Bxc4 20. Rfd1 Qf6 21. Qd4 Qxd4 22. Rxd4 Be6 23. Rxd6 Rac8 24. Rad1 h6 25. Kg1 Rfe8 26. Kf2 Kf8 27. R1d2 Rc5 28. Rd8 Ke7 29. Rxe8+ Kxe8 30. Ke3 Rh5 31. g3 Ra5 32.
a3 Rc5 33. Nd5 Bxd5 34. exd5 Kd7 35. Rf2 f6 36. Ke4 Kd6 37. Rd2 g6 38. g4 Rc4+ 39. Kf3 b5 40. h3 a5 41. Ke3 b4 42. axb4 Rxb4 43. Kf3 Rb3+ 44.
Kg2 a4 45. Kh2 Rb5 46. Rd4 Rxb2+ 47. Kg3 a3 48. Ra4 Rb3+ 49. Kf4 Kxd5 50.
Ra6 Rxh3 51. Rxf6 g5+ 52. Ke3 0-1

[Event "Elite Hotels Open 2024"]
[Site "Elite Stadshotellet, Kungsgatan 6, Vaxjo, Sweden"]
[Date "2024.02.09"]
[Round "1.4"]
[White "Hector, Jonny"]
[Black "Alsaied Ali, Firas"]
[Result "1-0"]
[TimeControl "15 minutes + 5 seconds per move from move one (Round 1 - 4) / 90 minutes + 30 seconds per move from move one (Round 5 - 8)"]
[WhiteTitle "GM"]
[WhiteFideId "1700090"]
[BlackFideId "1730924"]
[WhiteElo "2449"]
[BlackElo "1867"]

1. e4 d5 2. exd5 Qxd5 3. Nf3 Nf6 4. Be2 g6 5. O-O Bg7 6. c4 Qd8 7. d4 O-O 8. Nc3 b6 9. Bg5 Bb7 10.
Qc2 Na6 11. Rad1 Qe8 12. Rfe1 h6 13. Bf4 c6 14. Bf1 Nh5 15. Be5 Qd7 16. Bxg7 Kxg7 17. Ne5 Qc7 18. a3 Nb8 19. d5 Nd7 20.
Nxc6 Bxc6 21. dxc6 Qxc6 22. Rxe7 Nhf6 23. Nb5 a6 24. Nd4 Qc8 25. Ne6+ Kg8 26. Nxf8 Nxf8 27. Qc3 Qc6 28. Qf3 Qxf3 29.
gxf3 Ne6 30. Rb7 a5 31. Rxb6 Ng5 32. Bg2 Rc8 33. Rxf6 1-0

[Event "Elite Hotels Open 2024"]
[Site "Elite Stadshotellet, Kungsgatan 6, Vaxjo, Sweden"]
[Date "2024.02.09"]
[Round "1.5"]
[White "Kingsley, Elias"]
[Black "Johansson, Linus"]
[Result "0-1"]
[TimeControl "15 minutes + 5 seconds per move from move one (Round 1 - 4) / 90 minutes + 30 seconds per move from move one (Round 5 - 8)"]
[BlackTitle "IM"]
[WhiteFideId "1775006"]
[BlackFideId "1711113"]
[WhiteElo "1861"]
[BlackElo "2434"]

1. c4 e6 2. Nc3 d5 3. d4 Nf6 4.
Nf3 Be7 5. Bg5 O-O 6. e3 h6 7. Bh4 Ne4 8. Bxe7 Qxe7 9. cxd5 Nxc3 10. bxc3 exd5 11. Bd3 c5 12. O-O Nc6 13. Re1 Qf6 14.
e4 dxe4 15. Bxe4 cxd4 16. cxd4 Bg4 17. d5 Rad8 18. h3 Bxf3 19. Qxf3 Qxf3 20. gxf3 Na5 21. f4 Nc4 22. Rab1 Nd6 23.
Bf3 Rfe8 24. Re5 Kf8 25. Rc1 Rc8 26. Rxe8+ Kxe8 27. Rxc8+ Nxc8 28. Kf1 Ke7 29. Ke2 Kd6 30. Kd3 Kc5 31.
Kc3 b5 32. Kd3 Ne7 33. Ke4 Nxd5 34. Ke5 Nb4 0-1

[Event "Elite Hotels Open 2024"]
[Site "Elite Stadshotellet, Kungsgatan 6, Vaxjo, Sweden"]
[Date "2024.02.09"]
[Round "1.6"]
[White "Sorensen, Hampus"]
[Black "Eriksson, Per"]
[Result "1-0"]
[TimeControl "15 minutes + 5 seconds per move from move one (Round 1 - 4) / 90 minutes + 30 seconds per move from move one (Round 5 - 8)"]
[WhiteTitle "IM"]
[WhiteFideId "8703884"]
[BlackFideId "1727303"]
[WhiteElo "2430"]
[BlackElo "1857"]

1. e4 c5 2. Nf3 g6 3. c3 Bg7 4. d4 cxd4 5. cxd4 d6 6. h3 e6 7. Nc3 Ne7 8. Be2 O-O 9. O-O b6 10.
Be3 Bb7 11. Qd2 Nbc6 12. Bh6 Rc8 13. Rac1 d5 14. e5 Nf5 15. Bxg7 Kxg7 16. Rfd1 Qe7 17. Qf4 Qb4 18. Rd2 f6 19.
exf6+ Rxf6 20. a3 Qe7 21. Qh2 Na5 22. Re1 Nb3 23. Rdd1 Rcf8 24. Qe5 Na5 25. Bf1 Qd7 26. Bb5 Bc6 27.
Bd3 Nc4 28. Bxc4 dxc4 29. Ng5 Re8 30. Nxh7 Nh4 31. Nxf6 Qf7 32. Nxe8+ 1-0

[Event "Elite Hotels Open 2024"]
[Site "Elite Stadshotellet, Kungsgatan 6, Vaxjo, Sweden"]
[Date "2024.02.09"]
[Round "1.7"]
[White "Nyberg, Peter"]
[Black "Jepson, Christian"]
[Result "0-1"]
[TimeControl "15 minutes + 5 seconds per move from move one (Round 1 - 4) / 90 minutes + 30 seconds per move from move one (Round 5 - 8)"]
[BlackTitle "IM"]
[WhiteFideId "1771779"]
[BlackFideId "1701185"]
[WhiteElo "1848"]
[BlackElo "2386"]

1. d4 Nf6 2. c4 e6 3. g3 c5 4. d5 exd5 5. cxd5 d6 6. Bg2 g6 7. Nf3 b5 8. O-O Bg7 9. Nbd2 Nbd7 10.
a4 b4 11. Nc4 Nb6 12. Nfd2 Ba6 13. Qc2 O-O 14. Nxb6 axb6 15. Re1 Ng4 16. Nc4 Qf6 17. Bf3 Qd4 18. Ne3 Nxe3 19. fxe3 Qc4 20.
Qd1 Bc8 21. b3 Qa6 22. Rb1 b5 23. axb5 Qa2 24. Bd2 Bd7 25. e4 Bxb5 26. Bf4 Ra6 27. Qd2 Qxd2 28. Bxd2 Bd4+ 29. Kg2 Kg7 30. Bc1 Ra2 31. Bf4 Rd8 32.
Kf1 h6 33. h4 f6 34. Red1 g5 35. hxg5 hxg5 36. Bd2 Be5 37. Kf2 Rh8 38. Kg2 Bd7 39. Be3 g4 0-1

[Event "Elite Hotels Open 2024"]
[Site "Elite Stadshotellet, Kungsgatan 6, Vaxjo, Sweden"]
[Date "2024.02.09"]
[Round "1.8"]
[White "Akesson, Ralf"]
[Black "Schriever-Abeln, Marius"]
[Result "1-0"]
[TimeControl "15 minutes + 5 seconds per move from move one (Round 1 - 4) / 90 minutes + 30 seconds per move from move one (Round 5 - 8)"]
[WhiteTitle "GM"]
[WhiteFideId "1700120"]
[BlackFideId "1752650"]
[WhiteElo "2378"]
[BlackElo "1848"]

1. Nf3 d5 2. d4 Nf6 3. c4 e6 4. Nc3 a6 5. cxd5 exd5 6. Bg5 Be6 7. e3 Nbd7 8. Bd3 Bd6 9. Qc2 c6 10.
Bh4 Qc7 11. Ng5 Bg4 12. h3 Bh5 13. f4 Bg6 14. O-O Bxd3 15. Qxd3 O-O 16. Rac1 Rfe8 17. Nxd5 Qa5 18. Nc3 h6 19.
Nf3 Nd5 20. Ne5 Bxe5 21. fxe5 Nxc3 22. bxc3 Qd5 23. c4 Qe6 24. a4 g5 25. Bg3 Rad8 26. Rf5 Qg6 27. Qc2 c5 28. Qf2 Re7 29.
Rf1 Nb6 30. Rf6 1-0

[Event "Elite Hotels Open 2024"]
[Site "Elite Stadshotellet, Kungsgatan 6, Vaxjo, Sweden"]
[Date "2024.02.09"]
[Round "1.9"]
[White "Olsson, Thomas"]
[Black "Jacobsen, Mikkel Manosri"]
[Result "1-0"]
[TimeControl "15 minutes + 5 seconds per move from move one (Round 1 - 4) / 90 minutes + 30 seconds per move from move one (Round 5 - 8)"]
[BlackTitle "FM"]
[WhiteFideId "1702696"]
[BlackFideId "1444514"]
[WhiteElo "1838"]
[BlackElo "2374"]

1. e4 c6 2. d4 d5 3. Nc3 dxe4 4. Nxe4 Bf5 5. Ng3 Bg6 6. Nf3 Nd7 7. h4 h6 8. Bd3 Bxd3 9. Qxd3 e6 10.
Bd2 Ngf6 11. Qe2 Be7 12. O-O-O O-O 13. Kb1 a5 14. Nf1 a4 15. Rg1 Qb6 16. Ka1 Nd5 17. g4 Bb4 18. a3 Bxd2 19.
Qxd2 Qb5 20. g5 h5 21. Ng3 N7b6 22. Ne5 c5 23. Nxh5 cxd4 24. Nf6+ Kh8 25. Rde1 Nc4 26. Nxc4 Qxc4 27.
Qd1 g6 28. Nxd5 Qxd5 29. h5 Kg7 30. Rg4 Rfd8 31. hxg6 fxg6 32. Rge4 Ra6 33. Qf3 Rf8 34. Qg4 Rxf2 35. Qh4 Rf7 36.
Qh6+ Kg8 37. Rh4 Rg7 38. Qh8+ Kf7 39. Rf1+ Qf5 40. Rxf5+ gxf5 41. Rh7 Rxh7 42. Qxh7+ Ke8 43. g6 1-0

[Event "Elite Hotels Open 2024"]
[Site "Elite Stadshotellet, Kungsgatan 6, Vaxjo, Sweden"]
[Date "2024.02.09"]
[Round "1.10"]
[White "Olsson, William"]
[Black "Wang, Dawen"]
[Result "1-0"]
[TimeControl "15 minutes + 5 seconds per move from move one (Round 1 - 4) / 90 minutes + 30 seconds per move from move one (Round 5 - 8)"]
[WhiteTitle "FM"]
[WhiteFideId "1741721"]
[BlackFideId "1756320"]
[WhiteElo "2373"]
[BlackElo "1834"]

1. c4 Nf6 2. g3 g6 3. Bg2 Bg7 4. Nc3 O-O 5. Nf3 c6 6. O-O d6 7. d4 a5 8. e4 e5 9. h3 Nbd7 10. Be3 Ne8 11. Qd2 f5 12.
Rad1 Qe7 13. Rfe1 Nef6 14. Bg5 Qf7 15. exf5 gxf5 16. dxe5 dxe5 17. Nh4 Nb6 18. b3 e4 19. Be3 Nfd7 20.
Ne2 a4 21. Qb4 Ra6 22. Nf4 axb3 23. axb3 Re8 24. Bf1 Qf8 25. c5 Ra2 26. Nh5 Nd5 27. Qc4 Ne5 28. Qc1 Nxe3 29. Qxe3 Bh6 30.
Nf4 Qf7 31. Rd4 Ng6 32. Nhxg6 hxg6 33. Bc4 Be6 34. Bxe6 Rxe6 35. Rd8+ Re8 36. Rd6 Rb2 37. Qd4 Bxf4 38. Qxb2 Bxd6 39.
cxd6 Rd8 40. Rd1 f4 41. Qe5 fxg3 42. Qxg3 Kg7 43. Rd4 Qe6 44. Rd1 Qf6 45. d7 Qe6 46. Rd6 Qe7 47. Qxg6+ Kh8 48.
Qh5+ Kg8 49. Rg6+ Kf8 50. Qh8+ Kf7 51. Qh7+ Kf8 52. Rg8# 1-0

[Event "Elite Hotels Open 2024"]
[Site "Elite Stadshotellet, Kungsgatan 6, Vaxjo, Sweden"]
[Date "2024.02.09"]
[Round "1.11"]
[White "Ostlund, Joar"]
[Black "Magnussen, Pal"]
[Result "1-0"]
[TimeControl "15 minutes + 5 seconds per move from move one (Round 1 - 4) / 90 minutes + 30 seconds per move from move one (Round 5 - 8)"]
[WhiteTitle "FM"]
[WhiteFideId "1735020"]
[BlackFideId "1711814"]
[WhiteElo "2327"]
[BlackElo "1812"]

1. d4 Nf6 2. c4 c5 3. d5 b5 4. cxb5 a6 5. bxa6 Bxa6 6. Nc3 g6 7. Nf3 Bg7 8. e4 Bxf1 9. Kxf1 d6 10.
g3 O-O 11. Kg2 Nbd7 12. a4 Qa5 13. Qc2 Rfb8 14. Ra3 Ng4 15. h3 Nge5 16. Nxe5 Nxe5 17. Nb5 Qd8 18. b3 Nd7 19. Bb2 Bxb2 20.
Qxb2 Qa5 21. Raa1 Qb4 22. Qc2 Nf6 23.
Rhe1 h5 24. Rac1 Qa5 25. Qc3 Qd8 26. Rcd1 Ne8 27. e5 Nc7 28. Na3 Rb4 29. Nc4 Rab8 30. exd6 exd6 31. Na5 Qg5 32. Qe3 Qxe3 33.
Rxe3 Re8 34. Rxe8+ Nxe8 35. Rc1 Rd4 36. Nc6 Rd2 37. Ra1 Kg7 38. a5 Rxd5 39. a6 Nc7 40. a7 Na8 41. Ra5 Rd2 42. Rb5 d5 43. Rb8 Nc7 44.
Rc8 c4 45. bxc4 dxc4 46. Rxc7 Ra2 47.
Rc8 c3 48. a8=Q 1-0

[Event "Elite Hotels Open 2024"]
[Site "Elite Stadshotellet, Kungsgatan 6, Vaxjo, Sweden"]
[Date "2024.02.09"]
[Round "1.12"]
[White "Hammarlund, Carl"]
[Black "Kistrup, Nicolai"]
[Result "0-1"]
[TimeControl "15 minutes + 5 seconds per move from move one (Round 1 - 4) / 90 minutes + 30 seconds per move from move one (Round 5 - 8)"]
[BlackTitle "FM"]
[WhiteFideId "1738917"]
[BlackFideId "1444816"]
[WhiteElo "1811"]
[BlackElo "2326"]

1. d4 Nf6 2. c4 e6 3. g3 d5 4. Bg2 dxc4 5. Nf3 c5 6. Qa4+ Nbd7 7. Qxc4 a6 8. a4 b5 9. Qc2 Bb7 10.
axb5 axb5 11. Rxa8 Qxa8 12. O-O Be4 13. Qb3 Bxb1 14. Qxb5 Be4 15. Bg5 Bc6 16. Qc4 Ne4 17. Bf4 Bd5 18.
Qb5 Nd6 19. Bxd6 Bc6 20. Qc4 Bxd6 21. dxc5 Nxc5 22. Qd4 Ke7 23. b4 Nd7 24. Ra1 Qb8 25. Qxg7 Qg8 26. Qc3 Bd5 27. Ra7 Qb8 28.
Ra1 0-1

[Event "Elite Hotels Open 2024"]
[Site "Elite Stadshotellet, Kungsgatan 6, Vaxjo, Sweden"]
[Date "2024.02.09"]
[Round "1.13"]
[White "Kristensen, Kaare Hove"]
[Black "Helin, Mikael"]
[Result "1-0"]
[TimeControl "15 minutes + 5 seconds per move from move one (Round 1 - 4) / 90 minutes + 30 seconds per move from move one (Round 5 - 8)"]
[WhiteTitle "IM"]
[BlackTitle "CM"]
[WhiteFideId "1400940"]
[BlackFideId "1703838"]
[WhiteElo "2324"]
[BlackElo "1809"]

1. e4 d6 2. d4 Nf6 3. Nc3 Nbd7 4. f4 e5 5. Nf3 exd4 6. Qxd4 c6 7. e5 dxe5 8. fxe5 Bc5 9. Qh4 Qe7 10.
Bf4 Bb4 11. Be2 Ne4 12. Qxe7+ Kxe7 13. Bd2 Nxd2 14. Kxd2 Rd8 15. Bd3 Nc5 16. Ke3 Ne6 17. Ne4 f6 18. exf6+ gxf6 19. Rad1 Ba5 20.
g3 Bb6+ 21. Ke2 h6 22. c3 Ng5 23. Nfxg5 hxg5 24. Kf3 Bh3 25. Rhe1 Kf7 26. Bc4+ Kg6 27. Nf2 Bf5 28. g4 Bc2 29.
Rc1 Rd2 30. Re2 Rad8 31. Rxc2 Rxc2 32.
Rxc2 Re8 33. Bd3+ Kg7 34. Ne4 Rh8 35.
Ng3 Bg1 36. Rg2 Bb6 37. Re2 Bc5 38. b4 Bf8 39. Nh5+ Kf7 40. Bc4+ Kg6 41. Re6 Bg7 42. Nxg7 Kxg7 43. Re7+ Kf8 44. Rxb7 Rxh2 45. Rxa7 Rh3+ 46. Ke4 Rxc3 47. Be6 Rc2 48.
Kf5 Rf2+ 49. Kg6 Ke8 50. Bf5 Rf4 51. a3 1-0

[Event "Elite Hotels Open 2024"]
[Site "Elite Stadshotellet, Kungsgatan 6, Vaxjo, Sweden"]
[Date "2024.02.09"]
[Round "1.14"]
[White "Gerdes, Sebastian"]
[Black "Crevatin, Leo"]
[Result "0-1"]
[TimeControl "15 minutes + 5 seconds per move from move one (Round 1 - 4) / 90 minutes + 30 seconds per move from move one (Round 5 - 8)"]
[BlackTitle "FM"]
[WhiteFideId "1745697"]
[BlackFideId "1726307"]
[WhiteElo "1805"]
[BlackElo "2303"]

1. d4 Nf6 2. c4 e6 3. Nf3 d5 4. Nc3 dxc4 5. e3 a6 6. a4 b6 7. Bxc4 Bb7 8. O-O Bb4 9. Qe2 O-O 10.
Rd1 Qe7 11. Ne5 Nbd7 12. Nxd7 Qxd7 13. f3 Qe7 14. e4 c5 15. d5 Rfd8 16. dxe6 Rxd1+ 17. Nxd1 fxe6 18. Be3 Nd7 19. Nf2 Ne5 20.
Rd1 Nxc4 21. Qxc4 Kh8 22. Ng4 Bc6 23. Ne5 Bxa4 24. Bg5 Qe8 25. Rd6 Bb5 26. Qxe6 Qxe6 27. Rxe6 c4 28. Kf2 c3 29.
bxc3 Bxc3 30. Bf4 Re8 31. Nf7+ Kg8 32. Rxe8+ Bxe8 33. Nd6 Bc6 34. Ke2 b5 35. Kd3 Be1 36. e5 Bd5 37. Bd2 Bxd2 38. Kxd2 b4 39. Kc2 a5 40.
Nf5 Kf7 41. Ne3 Be6 42. f4 a4 43. f5 Bc8 44. g4 Bb7 45. Kb2 Be4 46. h4 g6 47. Ka2 Bd3 48. Kb2 Bb5 49. Ka2 Ba6 50.
Kb2 Bd3 51. Ka2 gxf5 52. gxf5 h6 53. Kb2 Ke8 54. e6 Ke7 55. Nd5+ Kd6 56. e7 Bb5 57. Nxb4 Kxe7 58. Nc2 Kf6 59.
Ka3 Bd7 60. Nd4 Ke5 61. f6 Kxf6 62. Nf3 Kf5 63. h5 Be8 64. Kb4 Bxh5 65. Nh4+ Kg4 66. Ng2 Be8 67. Ka3 h5 68. Ne3+ Kg5 69. Ng2 Bc6 70. Ne3 h4 71.
Kb4 Kf4 72. Nf1 h3 73. Ka3 Bg2 74. Nd2 h2 75. Kxa4 h1=Q 76. Nc4 Qh8 77. Na5 Be4 78. Nc4 Qa8+ 79. Na5 Bc6+ 80. Kb4 Qb8+ 81.
Ka3 Qb5 82. Nb3 Ke3 83. Nc1 Qa4+ 84. Kb2 Qb4+ 85. Ka1 Be4 86. Na2 Qd4+ 87. Nc3 Qxc3+ 88. Ka2 Bd5+ 89. Kb1 Qb3+ 90. Ka1 Qa2# 0-1

[Event "Elite Hotels Open 2024"]
[Site "Elite Stadshotellet, Kungsgatan 6, Vaxjo, Sweden"]
[Date "2024.02.09"]
[Round "1.15"]
[White "Falkevall, Axel"]
[Black "Dingertz, Filip"]
[Result "1-0"]
[TimeControl "15 minutes + 5 seconds per move from move one (Round 1 - 4) / 90 minutes + 30 seconds per move from move one (Round 5 - 8)"]
[WhiteTitle "FM"]
[WhiteFideId "1735560"]
[BlackFideId "1757288"]
[WhiteElo "2290"]
[BlackElo "1801"]

1. e4 e5 2. Nf3 Nc6 3.
Bc4 Bc5 4. c3 Nf6 5. d3 O-O 6. O-O d5 7. exd5 Nxd5 8. Re1 Nb6 9. Bb5 f6 10. a4 a5 11. Nbd2 Bd6 12. Ne4 Kh8 13. Nxd6 Qxd6 14. Nd2 Bf5 15.
Ne4 Qd5 16. Be3 Rad8 17. Qc2 Na7 18. Bxb6 Nxb5 19. Bxa5 Na7 20. Bxc7 Qxd3 21. Qxd3 Rxd3 22. Nc5 Rd2 23. b4 b5 24.
Bb6 Nc8 25. a5 Bc2 26. Nb7 Rd7 27. Bc5 Re8 28. a6 f5 29. a7 1-0

[Event "Elite Hotels Open 2024"]
[Site "Elite Stadshotellet, Kungsgatan 6, Vaxjo, Sweden"]
[Date "2024.02.09"]
[Round "2.1"]
[White "Hillarp, Tiger"]
[Black "Joensson, Oscar"]
[Result "1-0"]
[TimeControl "15 minutes + 5 seconds per move from move one (Round 1 - 4) / 90 minutes + 30 seconds per move from move one (Round 5 - 8)"]
[WhiteTitle "GM"]
[WhiteFideId "1700812"]
[BlackFideId "1729977"]
[WhiteElo "2476"]
[BlackElo "2022"]

1. Nf3 d5 2. g3 c5 3. Bg2 Nc6 4. d4 Nf6 5. O-O Bf5 6. c4 dxc4 7. Qa4 Bd7 8. Qxc4 cxd4 9. Nxd4 Nxd4 10.
Qxd4 Bc6 11. Bxc6+ bxc6 12. Qa4 Qc8 13. Bg5 Nd7 14. Rc1 c5 15. Nd2 e6 16. b4 Be7 17. Bxe7 Kxe7 18. bxc5 Ne5 19.
c6 Rd8 20. Qb4+ Ke8 21. c7 Rd7 22. Ne4 Qa6 23. Qb8+ Qc8 24. Qxa8 Qxa8 25. c8=Q+ 1-0

[Event "Elite Hotels Open 2024"]
[Site "Elite Stadshotellet, Kungsgatan 6, Vaxjo, Sweden"]
[Date "2024.02.09"]
[Round "2.2"]
[White "Soppela, Toni"]
[Black "Pantzar, Milton"]
[Result "0-1"]
[TimeControl "15 minutes + 5 seconds per move from move one (Round 1 - 4) / 90 minutes + 30 seconds per move from move one (Round 5 - 8)"]
[BlackTitle "IM"]
[WhiteFideId "1766163"]
[BlackFideId "1721003"]
[WhiteElo "2029"]
[BlackElo "2468"]

1. d4 d5 2. c4 e6 3. Nc3 Nf6 4. cxd5 exd5 5. Bg5 c6 6. Qc2 Bd6 7. e3 O-O 8. Bd3 h6 9. Bh4 Re8 10.
Nge2 a5 11. a3 Nbd7 12. h3 Nf8 13. g4 Ne6 14. Rg1 Ng5 15. Bxg5 hxg5 16. Ng3 b5 17. Nf5 Bf8 18. h4 gxh4 19.
g5 Ne4 20. Nxe4 dxe4 21. Bxe4 Bxf5 22. Bxf5 g6 23. Bxg6 fxg6 24. Qxg6+ Bg7 25. Rg4 Ra7 26. Rxh4 Rf7 27. O-O-O Kf8 28.
Rdh1 Qd5 29. Qc2 c5 30. Qxc5+ Qxc5+ 31. dxc5 Rxf2 32. Rf4+ Rxf4 33. exf4 Re2 34. f5 Bxb2+ 35. Kb1 Bxa3 36. c6 Rb2+ 37. Ka1 Rc2 38. Rh6 b4 0-1

[Event "Elite Hotels Open 2024"]
[Site "Elite Stadshotellet, Kungsgatan 6, Vaxjo, Sweden"]
[Date "2024.02.09"]
[Round "2.3"]
[White "Seo, Jung Min"]
[Black "Ostensson, Julia"]
[Result "1-0"]
[TimeControl "15 minutes + 5 seconds per move from move one (Round 1 - 4) / 90 minutes + 30 seconds per move from move one (Round 5 - 8)"]
[WhiteTitle "IM"]
[WhiteFideId "1734687"]
[BlackFideId "1747703"]
[WhiteElo "2466"]
[BlackElo "1990"]

1. e4 c5 2. Nf3 d6 3.
Bc4 e6 4. O-O Be7 5. Re1 Nf6 6. Bf1 O-O 7. c3 e5 8. d4 Qc7 9. d5 Nbd7 10. c4 Ne8 11. Nc3 g6 12. Qd2 Ng7 13. Qh6 f5 14. Ng5 Bxg5 15.
Bxg5 Nf6 16. Qh4 Nge8 17. f4 fxe4 18. fxe5 dxe5 19. Nxe4 Ng4 20. h3 h6 21. Bd2 g5 22. Qg3 Ngf6 23.
Nxf6+ Nxf6 24. Rxe5 Kh8 25. Bc3 Bd7 26. Rae1 Rf7 27. Bd3 Raf8 28. Qe3 Nh5 29. Rxg5+ Nf6 30. Rg6 1-0

[Event "Elite Hotels Open 2024"]
[Site "Elite Stadshotellet, Kungsgatan 6, Vaxjo, Sweden"]
[Date "2024.02.09"]
[Round "2.4"]
[White "Sigeman, Johan"]
[Black "Hector, Jonny"]
[Result "0-1"]
[TimeControl "15 minutes + 5 seconds per move from move one (Round 1 - 4) / 90 minutes + 30 seconds per move from move one (Round 5 - 8)"]
[BlackTitle "GM"]
[WhiteFideId "1705601"]
[BlackFideId "1700090"]
[WhiteElo "2020"]
[BlackElo "2449"]

1. Nf3 d5 2. d4 Nf6 3. g3 Bf5 4. Bg2 h6 5. O-O e6 6. c4 c6 7. Qb3 Qb6 8. c5 Qa6 9. Nc3 b6 10.
cxb6 axb6 11. Bf4 Be7 12. Rfe1 O-O 13. a3 c5 14. e3 c4 15. Qd1 Nc6 16. Ne5 Na5 17. g4 Bh7 18. h4 Ne4 19.
Nxe4 Bxe4 20. Bxe4 dxe4 21. g5 g6 22. h5 hxg5 23. hxg6 fxg6 24. Nxg6 gxf4 25. Qh5 Kg7 26. Nxe7 Rf6 27.
exf4 Rh8 28. Qg5+ Kf7 29. Re3 Rfh6 30. Rh3 Rxh3 31. Qg6+ Kxe7 32. Qg7+ Kd8 33. Qf6+ Kc7 34. Qe7+ Kb8 0-1

[Event "Elite Hotels Open 2024"]
[Site "Elite Stadshotellet, Kungsgatan 6, Vaxjo, Sweden"]
[Date "2024.02.09"]
[Round "2.5"]
[White "Johansson, Linus"]
[Black "Willstedt, Lukas"]
[Result "1-0"]
[TimeControl "15 minutes + 5 seconds per move from move one (Round 1 - 4) / 90 minutes + 30 seconds per move from move one (Round 5 - 8)"]
[WhiteTitle "IM"]
[WhiteFideId "1711113"]
[BlackFideId "1751913"]
[WhiteElo "2434"]
[BlackElo "1982"]

1. d4 e6 2. e4 d5 3. e5 c5 4. c3 Nc6 5. Nf3 Qb6 6. Be2 cxd4 7. cxd4 Nh6 8. Bxh6 Qxb2 9. Nbd2 gxh6 10. O-O Nxd4 11. Rb1 Nxe2+ 12. Qxe2 Qc2 13. Nd4 Qa4 14.
Nb5 Rb8 15. Qf3 Be7 16. Rfc1 Bd7 17. Nd6+ Bxd6 18. Qf6 Bxe5 19. Qxe5 Ke7 20. Nf3 Qe4 21. Qc3 Rhc8 22. Qa3+ Ke8 23. Re1 Qf5 24. Qxa7 Bc6 25. Qd4 f6 26. Qh4 e5 27. Qxh6 Kf7 28.
Nh4 Qc2 29. Rbc1 Qd3 30. Re3 Qd2 31. Qxh7+ Ke6 32. Qf5+ Kf7 33. Rce1 Bd7 34. Qxd7+ 1-0

[Event "Elite Hotels Open 2024"]
[Site "Elite Stadshotellet, Kungsgatan 6, Vaxjo, Sweden"]
[Date "2024.02.09"]
[Round "2.6"]
[White "Lyngsjo, Hakan"]
[Black "Sorensen, Hampus"]
[Result "0-1"]
[TimeControl "15 minutes + 5 seconds per move from move one (Round 1 - 4) / 90 minutes + 30 seconds per move from move one (Round 5 - 8)"]
[BlackTitle "IM"]
[WhiteFideId "1701649"]
[BlackFideId "8703884"]
[WhiteElo "1980"]
[BlackElo "2430"]

1. e4 c5 2. Nf3 d6 3. Bb5+ Bd7 4. Bxd7+ Nxd7 5. O-O e6 6. c4 Ne5 7. d3 Ne7 8. b3 N7c6 9. Bb2 Be7 10.
Nxe5 dxe5 11. f4 exf4 12. Rxf4 Bf6 13. Bxf6 gxf6 14. Qf1 Qd4+ 0-1

[Event "Elite Hotels Open 2024"]
[Site "Elite Stadshotellet, Kungsgatan 6, Vaxjo, Sweden"]
[Date "2024.02.09"]
[Round "2.7"]
[White "Jepson, Christian"]
[Black "Seiger, Vidar"]
[Result "1-0"]
[TimeControl "15 minutes + 5 seconds per move from move one (Round 1 - 4) / 90 minutes + 30 seconds per move from move one (Round 5 - 8)"]
[WhiteTitle "IM"]
[WhiteFideId "1701185"]
[BlackFideId "1756079"]
[WhiteElo "2386"]
[BlackElo "1978"]

1. c4 g6 2. e4 Bg7 3. d4 d6 4. Nc3 Nf6 5. f4 O-O 6. Nf3 Na6 7. Bd3 e5 8. fxe5 dxe5 9. d5 Nc5 10.
Bc2 a5 11. O-O Ne8 12. a3 Nd6 13. Qe2 b6 14. b3 Bd7 15. Rb1 Qe7 16. b4 axb4 17. axb4 Na4 18. Bxa4 Bxa4 19. Bg5 f6 20.
Be3 f5 21. c5 Nxe4 22. Nxe4 fxe4 23.
Ng5 Rxf1+ 24. Rxf1 Rf8 25. d6 Rxf1+ 26. Qxf1 cxd6 27. Qc4+ Kf8 28. cxd6 1-0